 Dungeon Crawl Stone Soup version 0.27-a0-1281-ge233d83751 (webtiles) character file.

Game seed: 4819543994265470190

916 mandarbmax the Nimble (level 7, -10/34 HPs)
             Began as a Felid Berserker on June 13, 2021.
             Was a Priest of Trog.
             Killed from afar by an electric eel (14 damage)
             ... with a bolt of electricity
             ... on level 6 of the Dungeon.
             The game lasted 00:11:46 (8997 turns).

mandarbmax the Nimble (Felid Berserker)             Turns: 8997, Time: 00:11:46

Health: -10/34     AC:  2    Str: 13    XL:     7   Next: 83%
Magic:  8/8        EV: 27    Int:  9    God:    Trog [***...]
Gold:   96         SH:  0    Dex: 18    Spells: 6/6 levels left
                                        Lives:  0   Deaths: 2

rFire    . . .     SeeInvis +     - Unarmed
rCold    . . .     Faith    .   (shield unavailable)
rNeg     . . .     Spirit   .   (armour unavailable)
rPois    .         Reflect  .   (helmet unavailable)
rElec    .         Harm     .   (cloak unavailable)
rCorr    .         Rampage  .   (gloves unavailable)
Will     +....                  (boots unavailable)
Stlth    ++++......             (no amulet)
HPRegen  0.11/turn              d - +4 ring of evasion
MPRegen  0.11/turn              (no ring)

@: quick
A: very small, claws 1, fangs 3, see invisible, speed 1, shaggy fur 2, stealthy
paws, no weapons or thrown items, no armour, multi-lived
a: Renounce Religion, Berserk, Trog's Hand


You were on level 6 of the Dungeon.
You worshipped Trog.
Trog was most pleased with you.
You visited 1 branch of the dungeon, and saw 7 of its levels.

You collected 265 gold pieces.
You spent 169 gold pieces at shops.

Inventory:

Jewellery
 d - a +4 ring of evasion (left paw)
Wands
 l - a wand of paralysis (10)
Scrolls
 a - a scroll of summoning {unknown}
 b - 3 scrolls of teleportation
 e - 2 scrolls of blinking
 i - 2 scrolls of amnesia {unknown}
 k - a scroll of acquirement {unknown}
 m - a scroll of identify
Potions
 c - a potion of haste
 f - a potion of heal wounds
 g - 2 potions of curing
 h - a potion of flight
 j - 2 potions of attraction


   Skills:
 + Level 6.1 Fighting
 * Level 9.3 Dodging
 + Level 7.5 Stealth
 * Level 8.3 Unarmed Combat


You had 6 spell levels left.
You didn't know any spells.
Your spell library contained the following spells:

 Spells                   Type           Power      Damage    Failure   Level
 Beastly Appendage        Tmut           0%         N/A       38%         1
 Wereblood                Tmut           0%         N/A       52%         2
 Spider Form              Tmut/Pois      0%         N/A       77%         3
 Ice Form                 Ice/Tmut       0%         N/A       99%         4


Dungeon Overview and Level Annotations

Branches:
Dungeon (7/15)             Temple (0/1) D:6

Altars:

Shops:
D:6 *

Annotations:
D:5 1 runed translucent door, Crazy Yiuf


Innate Abilities, Weirdness & Mutations

You have sharp claws.
You have razor-sharp teeth.
You have supernaturally acute eyesight. (SInv)
You cover ground quickly. (Speed+)
You are covered in thick fur. (AC +2)
Your paws help you pounce on unaware monsters.
You are incapable of wielding weapons or throwing items.
You cannot wear armour.
You gain extra lives every three experience levels.


Message History

No target in view!
Things that are here:
a +0 hand axe; a +0 scale mail; an orc corpse
There is an open door here.
You open the door.
There is an open door here.
m - a scroll of identify
There is an open door here.
You open the door.
There is an open door here.
You open the door.
Found a dagger.
There is an open door here.
There is an open door here.
You open the door.
There is an open door here.
You open the door.
There is an open door here.
An iguana is nearby!
An iguana is nearby!
An iguana is nearby!
A sky beast comes into view.
The sky beast moves out of view.
You completely miss the iguana.
The iguana hisses angrily.
The iguana completely misses you.
You claw the iguana!
The iguana is heavily wounded.
The electric eel shoots out a bolt of lightning at you!
The bolt of electricity hits you! The iguana bites you!
* * * LOW HITPOINT WARNING * * *
You are too injured to fight recklessly!
Unknown command.
The electric eel shoots out a bolt of lightning at you!
The bolt of electricity hits you.
* * * LOW HITPOINT WARNING * * *
Unknown command.
The electric eel shoots out a bolt of lightning at you!
The bolt of electricity hits you!
You die...

........#...#..........#....
........###'####'#######....
####'#......................
..#..#.....................≈
..#..#...................P≈≈
.##+##..................≈≈≈≈
.##..##....#####+###..≈.≈≈≈≈
).....#....#.........≈≈≈≈P≈≈
......#....#....@.....≈≈≈≈≈≈
......#....+........≈.≈≈≈≈P≈
......#....#.....l..≈≈≈≈≈≈.P
......#....#.........≈≈≈P...
###...#....#..##../≈P≈≈≈P...
..#...#....#.. #+$.≈≈Y≈;≈...
..#...#....#. .....≈≈≈≈≈P..
..#...#....#. ...≈≈≈≈≈≈≈.
..#...#....##+##..≈.≈≈≈≈≈.


You could see a sky beast, an iguana and an electric eel.

Vanquished Creatures
  A two-headed ogre (D:4)
  Duvessa (D:5)
  A black bear (D:5)
  A necrophage (D:6)
  An ogre (D:6)
  2 phantoms
  2 gnoll sergeants
  2 scorpions (D:5)
  Dowan (D:5)
  2 water moccasin skeletons
  3 wights (D:6)
  2 bullfrog zombies
  A centaur skeleton (D:5)
  2 hounds
  6 orc priests
  3 iguanas (D:5)
  4 scorpion zombies (D:4)
  3 orc wizards
  A hound zombie (D:4)
  3 hound skeletons (D:4)
  10 gnolls
  A howler monkey zombie (D:5)
  9 adders
  4 adder zombies (D:4)
  2 adder skeletons (D:4)
  A worm (D:3)
  6 orcs
  A bat (D:2)
  5 endoplasms
  2 giant cockroaches
  6 goblins
  5 hobgoblins
  2 jackals (D:4)
  5 kobolds
  5 quokkas
  4 ball pythons
  4 frilled lizards
  A jackal skeleton (D:4)
  A quokka skeleton (D:4)
  A quokka zombie (D:4)
  6 rats
123 creatures vanquished.

Vanquished Creatures (others)
  A fungus (D:5)
  3 plants (D:6)
  9 withered plants (D:4)
13 creatures vanquished.

Grand Total: 136 creatures vanquished

Notes
Turn   | Place    | Note
-------+----------+-------------------------------------------
     0 | D:1      | mandarbmax the Felid Berserker began the quest for the Orb.
     0 | D:1      | Reached XP level 1. HP: 10/10 MP: 2/2
   517 | D:1      | Reached skill level 1 in Stealth
   517 | D:1      | Reached XP level 2. HP: 11/14 MP: 3/3
  1353 | D:2      | Reached XP level 3. HP: 17/17 MP: 4/4
  1957 | D:2      | Found a faded altar of an unknown god.
  2666 | D:3      | Reached XP level 4. HP: 12/21 MP: 5/5
  3215 | D:4      | Reached ** piety under Trog
  3464 | D:4      | Reached XP level 5. HP: 25/25 MP: 6/6
  3508 | D:4      | Reached skill level 5 in Dodging
  4245 | D:4      | Gained mutation: You are covered in thick fur. (AC +2)
                  | [Felid growth]
  4245 | D:4      | Reached XP level 6. HP: 28/28 MP: 7/7
  4521 | D:4      | Reached skill level 5 in Unarmed Combat
  4799 | D:5      | Entered Level 5 of the Dungeon
  4802 | D:5      | Noticed a two-headed ogre
  5178 | D:4      | Killed a two-headed ogre
  5179 | D:4      | Reached skill level 5 in Fighting
  5179 | D:4      | Reached skill level 6 in Dodging
  5179 | D:4      | Reached skill level 5 in Stealth
  5179 | D:4      | Reached XP level 7. HP: 33/33 MP: 8/8
  5223 | D:4      | Reached XP level 8. HP: 25/37 MP: 9/9
  5421 | D:5      | HP: 1/37 [orc priest/divine providence (13)]
  6162 | D:4      | Reached skill level 7 in Dodging
  6323 | D:5      | Noticed Dowan
  6329 | D:5      | Killed Dowan
  6335 | D:5      | Noticed Duvessa
  6630 | D:5      | Killed Duvessa
  6731 | D:5      | Reached skill level 8 in Dodging
  6840 | D:5      | Found a runed translucent door.
  6841 | D:5      | Noticed Crazy Yiuf
  7109 | D:4      | Reached *** piety under Trog
  7698 | D:5      | Reached XP level 9. HP: 41/41 MP: 10/10
  7840 | D:6      | Killed from afar by an electric eel
  7841 | D:6      | Reached XP level 8. HP: -8/38 MP: 9/9
  8071 | D:6      | Reached skill level 9 in Dodging
  8151 | D:6      | Found Qicvie's General Store.
  8159 | D:6      | Bought a scroll of teleportation for 39 gold pieces
  8159 | D:6      | Bought a potion of haste for 130 gold pieces
  8188 | D:6      | Found a staircase to the Ecumenical Temple.
  8192 | D:6      | Killed from afar by an electric eel
  8193 | D:6      | Reached XP level 7. HP: -3/34 MP: 8/8
  8211 | D:6      | You fall into a shaft and drop 1 floor!
  8997 | D:6      | Killed from afar by an electric eel

Illustrated notes

Levels and vault maps discovered:
D:1:      lightli_arrival_boilingwater, layout_loops_ring
D:2:      layout_basic, shapermc_ecumenical_altar_mp_vishouse
D:3:      layout_loops_ring, minmay_crystal_water
D:4:      layout_basic, serial_undead, serial_undead_a, serial_undead_d,
          serial_undead_e, serial_undead_e, serial_undead_c, serial_undead_b,
          minmay_misc_feat_iff
D:5:      layout_basic, st_stairs_2, nrook_mini_backslash,
          chequers_serial_rivers_micro_e, kennysheep_opposing_triangles,
          uniq_crazy_yiuf_cottage, uniq_duvessa
D:6:      layout_gridville, minmay_temple_entry_offerings, serial_shops,
          nicolae_shop_crystal, chequers_big_river, minivault_4
D:7:      layout_basic

Skill      XL: |  1  2  3  4  5  6  7  8 |
---------------+-------------------------+-----
Stealth        | 1 2 3 5 7 |  7.5
Unarmed Combat | 4 6 8 |  8.3
Dodging        | 5 6 9 |  9.3
Fighting       | 4 5 6 |  6.1

Action                   |  1- 3 |  4- 6 |  7- 9 || total
-------------------------+-------+-------+-------++-------
Melee: Unarmed           |    90 |   130 |   191 ||   411
       Bite              |     7 |    15 |    14 ||    36
       Punch             |     2 |     3 |     6 ||    11
Invok: Berserk           |     9 |     7 |    15 ||    31
  Use: Potion            |     1 |       |       ||     1
       Scroll            |       |       |     7 ||     7
 Stab: Sleeping          |     5 |     1 |       ||     6
       Distracted        |       |       |     1 ||     1
Armor: Skin              |     5 |     5 |     5 ||    15
Dodge: Dodged            |    81 |   113 |   132 ||   326

Table legend: (Time is in decaauts)
 A = Elapsed time spent in this place.
 B = Non-inter-level travel time spent in this place.
 C = Inter-level travel time spent in this place.
 D = Time resting spent in this place.
 E = Time spent auto-exploring this place.
 F = Levels seen in this place.
 G = Mean time per level.
                   A        B        C        D        E       F      G
               +--------+--------+--------+--------+--------+-----+--------+
         Total |   8463 |   8272 |    191 |   3704 |   3565 |   7 | 1209.0 |
       Dungeon |   8463 |   8272 |    191 |   3704 |   3565 |   7 | 1209.0 |
               +--------+--------+--------+--------+--------+-----+--------+

Top non-repeatable levels by time:
     D:4: 2799 daAuts
     D:5: 1809 daAuts
     D:1: 1164 daAuts
     D:2: 1046 daAuts
     D:3: 705 daAuts
     D:6: 568 daAuts
     D:7: 369 daAuts
